 Dungeon Crawl Stone Soup version 0.27.1-33-g824d729ab1 (webtiles) character file.

Game seed: 2823481210292398461

182 potato4science the Sneak (level 5, -2/36 HPs)
             Began as an Octopode Brigand on Dec 22, 2021.
             Slain by an orc wizard (3 damage)
             ... on level 3 of the Dungeon.
             The game lasted 00:15:49 (2413 turns).

potato4science the Sneak (Octopode Brigand)         Turns: 2413, Time: 00:15:49

Health: -2/36      AC:  1    Str: 12    XL:     5   Next: 62%
Magic:  8/8        EV: 13    Int: 13    God:
Gold:   109        SH:  0    Dex: 13    Spells: 8/8 levels left

rFire    . . .     SeeInvis .   q - +1 dagger (protect)
rCold    . . .     Faith    .   (no shield)
rNeg     . . .     Spirit   .   (helmet restricted)
rPois    .         Reflect  .   (no amulet)
rElec    .         Harm     .   (no ring)
rCorr    .         Rampage  .   (no ring)
Will     .....                  (no ring)
Stlth    ++........             (no ring)
HPRegen  0.12/turn              (no ring)
MPRegen  0.11/turn              (no ring)
                                (no ring)
                                (no ring)

@: confused
A: almost no armour, amphibious, 8 rings, camouflage 1, gelatinous body 1,
(nimble swimmer 1), tentacles
a: no special abilities


You were on level 3 of the Dungeon.
You visited 1 branch of the dungeon, and saw 3 of its levels.

You collected 109 gold pieces.

Inventory:

Hand Weapons
 a - a +2 dagger
 q - a +1 dagger of protection (weapon)
Missiles
 b - 6 poisoned darts
 c - 2 curare-tipped darts
 e - 6 javelins
 m - 22 bolts
 o - 3 boomerangs (quivered)
 p - 8 datura-tipped darts
Magical Staves
 f - a staff of earth
Scrolls
 j - a scroll of immolation {unknown}
 k - a scroll of teleportation {unknown}
 r - a scroll of identify {unknown}
Potions
 d - a potion of resistance {unknown}
 g - a potion of heal wounds {unknown}
 h - a potion of curing {unknown}
 i - a potion of might {unknown}
 l - a potion of brilliance {unknown}
 n - a potion of flight {unknown}


   Skills:
 - Level 3.0 Fighting
 - Level 3.0 Short Blades
 - Level 2.0 Throwing
 - Level 2.0 Dodging
 - Level 6.0 Stealth
 - Level 2.0 Spellcasting
 + Level 1.7 Translocations


You had 8 spell levels left.
You didn't know any spells.
Your spell library contained the following spells:

 Spells                   Type           Power      Damage    Failure   Level
 Blink                    Tloc           N/A        N/A       19%         2
 Olgreb's Toxic Radiance  Pois           1%         N/A       94%         4
 Manifold Assault         Tloc           5%         N/A       98%         5
 Ozocubu's Refrigeration  Ice            0%         4d5       100%        7
 Storm Form               Tmut/Air       0%         N/A       100%        7
 Ignition                 Fire           0%         3d3       100%        8


Dungeon Overview and Level Annotations

Branches:
Dungeon (3/15)

Altars:


Innate Abilities, Weirdness & Mutations

You cannot wear most types of armour.
You are amphibious.
You can wear up to eight rings at the same time.
Your skin changes colour to match your surroundings (Stealth+).
Your rubbery body absorbs attacks. (AC +1, EV +1)
((You are camouflaged near water. (Stealth+)))
You have tentacles for arms and can constrict up to eight enemies at once.


Message History

The ball python closely misses you. The ball python misses you.
The orc wizard gestures wildly while chanting.
The orc wizard flickers and vanishes!
Deactivating autopickup; reactivate with Ctrl-A.
You hit the ball python.
You kill the ball python!
You hit something but do no damage. Something hits you.
You barely miss something.
You hear some strange, mumbled words.
A puff of flame appears from out of thin air!
The puff of flame hits you!
* * * LOW HITPOINT WARNING * * *
You hit something. Your squeeze misses something.
You hear some strange, mumbled words.
A magic dart appears from out of thin air!
The magic dart hits you but does no damage.
You closely miss something.
You hear some strange, mumbled words.
You are confused.
You closely miss something. Something hits you.
* * * LOW HITPOINT WARNING * * *
You completely miss something. You miss something.
Something hits you but does no damage.
You bump into the rock wall.
Something hits you.
* * * LOW HITPOINT WARNING * * *
You hit something.
Your weapon exudes an aura of protection.
Something hits you.
* * * LOW HITPOINT WARNING * * *
Okay, then.
You bump into the rock wall.
You hear some strange, mumbled words.
You are more confused.
Something hits you but does no damage.
Items here: ) [ ††.
You bump into the rock wall.
Something hits you.
* * * LOW HITPOINT WARNING * * *
You bump into the rock wall.
Something completely misses you. Something hits you.
You die...

.........######.....).#
###...#............#####
#.........####........
#....####...##.###....
#..)...........# .# #
##### #...#########.##
.##..... #...# #.##
....S... ##### #..#
#....... ##@####.#
#....oo.
#){)....####.....w.
#.............o.....
.........##.####<......
#....##### # ##......
....## #..... .... #####
...


There were no monsters in sight!

Vanquished Creatures
  2 orc wizards (D:3)
  Robin (D:3)
  An adder (D:2)
  An adder skeleton (D:2)
  2 worms
  3 dart slugs (D:1)
  4 orcs (D:3)
  9 ball pythons
  8 endoplasms
  2 giant cockroaches
  10 goblins
  13 hobgoblins
  6 jackals (D:1)
  8 kobolds
  6 quokkas
  4 bats
  6 rats
86 creatures vanquished.

Vanquished Creatures (others)
  3 fungi (D:1)
  7 plants (D:1)
  A withered plant (D:3)
11 creatures vanquished.

Grand Total: 97 creatures vanquished

Notes
Turn   | Place    | Note
-------+----------+-------------------------------------------
     0 | D:1      | potato4science the Octopode Brigand began the quest for the
                  | Orb.
     0 | D:1      | Reached XP level 1. HP: 14/14 MP: 1/1
   270 | D:1      | Reached XP level 2. HP: 19/19 MP: 2/2
   284 | D:1      | Found a faded altar of an unknown god.
   304 | D:1      | Reached skill level 6 in Stealth
   646 | D:1      | Reached XP level 3. HP: 24/24 MP: 3/3
  1422 | D:2      | Reached XP level 4. HP: 29/29 MP: 4/4
  2183 | D:3      | Reached skill level 1 in Spellcasting
  2203 | D:3      | Noticed Robin
  2206 | D:3      | Killed Robin
  2207 | D:3      | Reached skill level 1 in Translocations
  2207 | D:3      | Reached XP level 5. HP: 35/36 MP: 6/6
  2411 | D:3      | HP: 1/36 [something (1)]
  2413 | D:3      | Slain by an orc wizard

Illustrated notes

Levels and vault maps discovered:
D:1:      dpeg_chamrin_arrival_tetris, layout_loops_ring,
          shapermc_ecumenical_altar_mp_ritualfount, minmay_misc_feat_rows,
          fountainhead, amethyst_killhole, minmay_crystal_room
D:2:      layout_basic, minmay_small_reverse_x
D:3:      layout_rooms, yredelemnul_altar_generic, general_overflow_altar,
          marbit_many_paths, uniq_robin

Skill      XL: |  1  2  3  4  5 |
---------------+----------------+-----
Stealth        | 6 |  6.0
Dodging        | 2 |  2.0
Short Blades   | 3 |  3.0
Fighting       | 3 |  3.0
Spellcasting   | 1 2 |  2.0
Translocations | 1 |  1.7
Throwing       | |  2.0

Action                   |  1- 3 |  4- 6 || total
-------------------------+-------+-------++-------
Melee: Dagger            |    66 |    65 ||   131
       Constrict         |    14 |     8 ||    22
       Tentacles         |    11 |    10 ||    21
Throw: Dart              |     4 |     7 ||    11
       Javelin           |     3 |    14 ||    17
       Boomerang         |       |    11 ||    11
 Stab: Sleeping          |    15 |    15 ||    30
Armor: Skin              |     6 |    12 ||    18
Dodge: Dodged            |    11 |    24 ||    35
